 Dungeon Crawl Stone Soup version 0.28-a0-1236-gb25a51b929 (webtiles) character file.

Game seed: 10643706488536244051

165 a11behringer the Poker (level 5, 0/39 HPs)
             Began as a Merfolk Gladiator on Dec 25, 2021.
             Slain by an orc (3 damage)
             ... on level 4 of the Dungeon.
             The game lasted 00:04:50 (2475 turns).

a11behringer the Poker (Merfolk Gladiator)          Turns: 2475, Time: 00:04:51

Health: 0/39       AC:  4    Str: 14    XL:     5   Next: 46%
Magic:  5/5        EV: 14    Int:  8    God:
Gold:   152        SH:  0    Dex: 17    Spells: 4/4 levels left

rFire   . . .      SeeInvis .   a - +0 trident
rCold   . . .      Faith    .   (no shield)
rNeg    . . .      Spirit   .   b - +0 leather armour
rPois   .          Reflect  .   c - +0 helmet
rElec   .          Harm     .   (no cloak)
rCorr   .          Rampage  .   (no gloves)
Will    .....                   (no boots)
Stlth   ++........              (no amulet)
HPRegen 0.13/turn               (no ring)
MPRegen 0.09/turn               (no ring)

@: about to teleport
A: (nimble swimmer 2), mertail
a: no special abilities


You were on level 4 of the Dungeon.
You visited 1 branch of the dungeon, and saw 4 of its levels.

You collected 152 gold pieces.

Inventory:

Hand Weapons
 a - a +0 trident (weapon)
 j - a +1 whip of flaming
Missiles
 d - 3 throwing nets (quivered)
Armour
 b - a +0 leather armour (worn)
 c - a +0 helmet (worn)
 g - a +0 chain mail
Magical Staves
 i - a staff of conjuration
 k - a staff of cold
Jewellery
 h - an amulet of guardian spirit
 n - an amulet of magic regeneration
Scrolls
 e - 5 scrolls of teleportation
 m - a scroll of vulnerability {unknown}
 o - a scroll of noise {unknown}
 p - a scroll of immolation {unknown}
Potions
 f - a potion of flight {unknown}
 l - a potion of lignification {unknown}


   Skills:
 + Level 2.5 Fighting
 * Level 7.4 Polearms
 + Level 2.0 Throwing
 + Level 0.7 Armour
 + Level 4.6 Dodging
 + Level 1.5 Stealth


You had 4 spell levels left.
You didn't know any spells.
Your spell library was empty.

Dungeon Overview and Level Annotations

Branches:
Dungeon (3/15)

Altars:

Shops:
D:2 (   D:4 [

Annotations:
D:4 Pargi


Innate Abilities, Weirdness & Mutations

((You are very nimble when in or above water. (Stealth+, EV+, Speed+++)))
Your lower body shifts to a powerful aquatic tail in water.


Message History

You miss the adder.
The adder is severely wounded.
The adder bites you.
You are poisoned.
The adder poisons you!
A magic dart appears from out of thin air!
The magic dart hits you! The adder barely misses you. Pargi bites you.
Pargi barely misses you. x2
You barely miss the adder.
The adder is heavily wounded.
You feel sick. The orc closely misses you. The adder closely misses you.
Pargi misses you. Pargi closely misses you. Pargi barely misses you.
You closely miss the adder.
The adder is heavily wounded.
You feel sick. The orc barely misses you. The adder closely misses you.
Something hits you but does no damage.
You barely miss the adder.
The adder is heavily wounded.
You feel sick. Pargi bites you.
* * * LOW HITPOINT WARNING * * *
Pargi barely misses you. Pargi claws you.
* * * LOW HITPOINT WARNING * * *
The orc hits you but does no damage. The adder misses you.
Something barely misses you.
You miss the adder.
The adder is heavily wounded.
You feel sick.
You are no longer poisoned.
The adder barely misses you. Pargi misses you. x3
You barely miss the adder.
The adder is heavily wounded.
The adder misses you. Something hits you.
* * * LOW HITPOINT WARNING * * *
Pargi closely misses you. Pargi misses you. Pargi claws you but does no damage.
The adder misses you.
Unknown command.
As you read the scroll labelled PISUTSIUSA, it crumbles to dust.
You feel strangely unstable.
It was a scroll of teleportation.
Something barely misses you. The orc hits you with a +0 club.
You die...

####### ...#... .#...
...=... ..#... #.....
#..#.) .#..... #..#.(
.S ......S######..#
..... #......@To.....#
.....
##.....{oK.....########
##....#gO.............
.......?#.O.n..........
....#..................
.......................
.##..........##.......(
....###....##.#######
#...........#


You could see Pargi, 2 ogres, a necrophage, an adder, 2 orcs, a goblin and a
kobold.

Vanquished Creatures
  2 orc priests (D:3)
  An orc wizard (D:3)
  An adder (D:2)
  3 worms (D:2)
  A dart slug (D:2)
  7 orcs (D:3)
  5 endoplasms
  A giant cockroach (D:3)
  8 goblins
  4 hobgoblins
  2 quokkas
  6 ball pythons
  5 bats
  2 frilled lizards
  2 kobolds
  7 rats (D:2)
57 creatures vanquished.

Notes
Turn   | Place    | Note
-------+----------+-------------------------------------------
     0 | D:1      | a11behringer the Merfolk Gladiator began the quest for the
                  | Orb.
     0 | D:1      | Reached XP level 1. HP: 16/16 MP: 1/1
   325 | D:1      | Reached XP level 2. HP: 22/22 MP: 2/2
   352 | D:1      | Found a faded altar of an unknown god.
   708 | D:2      | Reached skill level 5 in Polearms
   952 | D:2      | Reached XP level 3. HP: 18/27 MP: 3/3
  1290 | D:2      | Found Reog's Weapon Boutique.
  1524 | D:2      | Reached skill level 6 in Polearms
  1651 | D:3      | Reached XP level 4. HP: 31/33 MP: 4/4
  1681 | D:3      | Reached skill level 1 in Stealth
  2096 | D:3      | Reached XP level 5. HP: 26/39 MP: 5/5
  2100 | D:3      | Reached skill level 7 in Polearms
  2449 | D:3      | You fall into a shaft and drop 1 floor!
  2449 | D:4      | Noticed a necrophage
  2449 | D:4      | Noticed an ogre
  2449 | D:4      | Found Tidaenag's Armour Emporium.
  2452 | D:4      | Noticed an ogre
  2452 | D:4      | Noticed Pargi
  2453 | D:4      | Noticed a black bear
  2475 | D:4      | Slain by an orc

Illustrated notes

Levels and vault maps discovered:
D:1:      dpeg_arrival_tiny_d, layout_loops_ring,
          ebering_ecumenical_altar_abandoned, hex_large,
          chequers_serial_rivers_room_a
D:2:      cheibrodos_helix_gallery, layout_rooms, serial_shops, shop
D:3:      layout_loops_ring
D:4:      layout_rooms, minmay_temple_entry_waves, serial_shops, shop,
          gammafunk_ghost_split, uniq_duvessa, uniq_pargi

Skill      XL: |  1  2  3  4  5 |
---------------+----------------+-----
Polearms       | 5 6 7 |  7.4
Stealth        | 1 |  1.5
Fighting       | |  2.5
Throwing       | |  2.0
Armour         | |  0.7
Dodging        | |  4.6

Action                   |  1- 3 |  4- 6 || total
-------------------------+-------+-------++-------
Melee: Trident           |    94 |    85 ||   179
  Use: Scroll            |       |     1 ||     1
 Stab: Sleeping          |     1 |     2 ||     3
Armor: Leather armour    |    13 |     9 ||    22
Dodge: Dodged            |    33 |    58 ||    91

Table legend: (Time is in decaauts)
 A = Elapsed time spent in this place.
 B = Non-inter-level travel time spent in this place.
 C = Inter-level travel time spent in this place.
 D = Time resting spent in this place.
 E = Time spent auto-exploring this place.
 F = Levels seen in this place.
 G = Mean time per level.
                   A        B        C        D        E       F      G
               +--------+--------+--------+--------+--------+-----+--------+
         Total |   2471 |   2407 |     64 |      0 |   2032 |   4 |  617.8 |
       Dungeon |   2471 |   2407 |     64 |      0 |   2032 |   4 |  617.8 |
               +--------+--------+--------+--------+--------+-----+--------+

Top non-repeatable levels by time:
     D:2: 953 daAuts
     D:3: 804 daAuts
     D:1: 688 daAuts
     D:4: 25 daAuts
